 Dungeon Crawl Stone Soup version 0.15-a0-413-gc6111ba (webtiles) character file.

1740 4tharraofdagon the Chopper (level 8, -17/64 HPs)
             Began as a Demonspawn Berserker on May 5, 2014.
             Was a Priest of Trog.
             Demolished by a gnoll
             ... wielding a +0,+2 halberd of electrocution
              (18 damage)
             ... in a bailey.
             The game lasted 00:15:06 (2103 turns).

4tharraofdagon the Chopper (Demonspawn Berserker)   Turns: 2103, Time: 00:15:06

HP -17/64        AC 14     Str 20      XL: 8   Next: 71%
MP   0/8         EV  7     Int 10      God: Trog [***...]
Gold 59          SH  0     Dex 12      Spells:  0 memorised,  7 levels left

rFire  . . .     SeeInvis .     a - +0 hand axe
rCold  + . .     Clarity  .     c - +2 chain mail
rNeg   . . .     Conserve .     (no shield)
rPois  .         rCorr    .     (no helmet)
rElec  .         rRot     .     e - +0 cloak (curse)
SustAb . .       Spirit   +     (no gloves)
rMut   .         Warding  .     (no boots)
Saprov . . .     Stasis   .     (no amulet)
MR     ++...                    (no ring)
                                i - +1 ring of strength

@: regenerating, exhausted, slowed, very slow, very resistant to hostile
enchantments, extremely unstealthy
A: molten scales 1, cold resistance 1, magic shield, magic regeneration, magic
link
a: Burn Spellbooks, Berserk, Trog's Hand, Renounce Religion


You were in a bailey.
You worshipped Trog.
Trog was most pleased with you.
You were hungry.

You visited 1 branch of the dungeon, and saw 7 of its levels.
You also visited: Bailey.

You collected 59 gold pieces.

Inventory:

Hand weapons
 a - a +0,+0 hand axe (weapon)
 h - a -1,-3 hand axe
 j - a +2,+2 glaive of dragon slaying
 s - a +0,+1 hand axe
 t - a +0,+0 hand axe
Missiles
 u - 8 tomahawks of returning (quivered)
Armour
 b - a +0 animal skin
 c - a +2 chain mail (worn)
 e - a cursed +0 cloak (worn)
Magical devices
 m - a wand of random effects (9)
Comestibles
 d - 4 bread rations
 f - 2 meat rations
 o - 2 beef jerkies
 p - 9 cheeses
 x - 2 chunks of hobgoblin flesh
Scrolls
 k - a scroll of fog
 l - 2 scrolls of magic mapping {unknown}
 n - a scroll of recharging {unknown}
 r - a scroll of fear
Jewellery
 i - a +1 ring of strength (left hand)
Potions
 g - 3 potions of curing
 q - a potion of haste
 w - a potion of heal wounds


   Skills:
 + Level 6.2 Fighting
 * Level 7.8 Axes
 + Level 5.2 Armour
 - Level 1.7 Dodging
 + Level 0.7 Evocations


You had 7 spell levels left.
You didn't know any spells.

Dungeon Overview and Level Annotations

Branches:
Dungeon (7/15)
 Temple: D:4-7

Altars:
Nemelex Xobeh
Okawaru
Sif Muna

Annotations:
D:4 Pikel


Innate Abilities, Weirdness & Mutations

You are partially covered in molten scales (AC +1).
Your flesh is cold resistant.
When hurt, damage is shared between your health and your magic reserves.
You regenerate magic rapidly.
When low on magic, you restore magic in place of health.


Message History

Unknown command.
You slash the gnoll!
The gnoll is heavily wounded.
The gnoll hits you with a halberd.
The gnoll hits you from afar with a halberd of electrocution.
The gnoll hits you with a halberd! The gnoll hits you but does no damage.
Unknown command.
Your chain mail prevents you from hitting the gnoll.
The gnoll is heavily wounded.
The gnoll barely misses you. x2
Unknown command.
Unknown command.
You closely miss the gnoll.
The gnoll is heavily wounded.
The gnoll hits you with a halberd!
* * * LOW HITPOINT WARNING * * *
The gnoll hits you from afar with a halberd of electrocution!
* * * LOW HITPOINT WARNING * * *
You are electrocuted!
You die...

## ### ##### ### #
#.# #.###.'%###.###
#'##)##'###'##(##'
#...((## ##..).(#
###...()#####.(...#
#.'..(.%(.#.'..∩..'
###.....#####.....#
##.....# #.....#
##@##'##'# #'##'##'
#g###.# #.#.# #.# #
#g# ### ### ###
#(###.# #.#
##%##'##'# ##((...#
###.....###
#.'..)..'.#
###.....###


You could see 2 gnolls.

Vanquished Creatures
  Grinder (D:3)
  A hog (D:7)
  A human (D:7)
  A necrophage (D:7)
  An ice beast (D:6)
  An ogre (D:4)
  A giant frog (D:6)
  A scorpion (D:7)
  A crimson imp (D:7)
  A jelly (D:7)
  A hound (D:7)
  Crazy Yiuf (D:3)
  3 orc wizards
  8 worker ants
  3 sheep (D:7)
  A mummy (D:7)
  16 gnolls
  4 adders
  An inept item mimic (D:3)
  An inept feature mimic (D:2)
  A giant eyeball (D:4)
  A giant gecko (D:2)
  6 orcs
  2 bats
  2 giant cockroaches (D:2)
  12 goblins
  18 hobgoblins
  10 kobolds
  2 quokkas
  2 giant newts
  3 rats
108 creatures vanquished.

Vanquished Creatures (others)
  A gnoll (Bailey)
1 creature vanquished.

Grand Total: 109 creatures vanquished

Notes
Turn   | Place    | Note
--------------------------------------------------------------
     0 | D:1      | 4tharraofdagon, the Demonspawn Berserker, began the quest for the Orb.
     0 | D:1      | Reached XP level 1. HP: 18/18 MP: 1/1
   116 | D:2      | Gained mutation: You are partially covered in molten scales (AC +1). [demonic ancestry]
   116 | D:2      | Reached XP level 2. HP: 13/24 MP: 2/2
   286 | D:2      | Acquired Trog's second power
   318 | D:3      | Noticed Grinder
   341 | D:3      | Killed Grinder
   341 | D:3      | Reached skill level 4 in Fighting
   341 | D:3      | Gained mutation: When hurt, damage is shared between your health and your magic reserves. [demonic ancestry]
   341 | D:3      | Reached XP level 3. HP: 6/30 MP: 3/3
   341 | D:3      | Gained mutation: You regenerate magic rapidly. [demonic ancestry]
   341 | D:3      | Reached XP level 4. HP: 7/37 MP: 4/4
   341 | D:3      | Reached XP level 5. HP: 8/42 MP: 5/5
   373 | D:3      | Found an iron altar of Okawaru.
   382 | D:3      | ofcourse
   388 | D:3      | lets die
   412 | D:4      | Found a deep blue altar of Sif Muna.
   412 | D:4      | Found a sparkling altar of Nemelex Xobeh.
   456 | D:3      | rotfl?
   462 | D:3      | Noticed Crazy Yiuf
   475 | D:3      | Killed Crazy Yiuf
   475 | D:3      | Reached XP level 6. HP: 11/48 MP: 2/6
   600 | D:4      | Noticed a slave
   600 | D:4      | Noticed a slave
   601 | D:4      | Noticed Pikel
   601 | D:4      | Noticed a slave
   754 | D:4      | w/e
   765 | D:4      | Reached skill level 5 in Axes
   903 | D:4      | Paralysed by a giant eyeball for 4 turns
   910 | D:4      | Paralysed by a giant eyeball for 3 turns
   923 | D:4      | Noticed an ogre
   947 | D:4      | Killed an ogre
  1022 | D:5      | Entered Level 5 of the Dungeon
  1078 | D:5      | Gained mutation: Your flesh is cold resistant. [demonic ancestry]
  1078 | D:5      | Reached XP level 7. HP: 46/55 MP: 4/7
  1273 | D:6      | Reached skill level 5 in Fighting
  1284 | D:6      | Reached skill level 6 in Axes
  1462 | D:7      | Noticed a human
  1462 | D:7      | Noticed a hog
  1469 | D:7      | Killed a human
  1473 | D:7      | Killed a hog
  1473 | D:7      | Gained mutation: When low on magic, you restore magic in place of health. [demonic ancestry]
  1473 | D:7      | Reached XP level 8. HP: 63/63 MP: 5/8
  1479 | D:7      | Reached skill level 7 in Axes
  1543 | D:7      | million turns later
  1543 | D:7      | ...
  1543 | D:7      | hand axe= worst than dagger
  1551 | D:7      | + black poison
  1722 | D:7      | Reached skill level 5 in Armour
  1750 | D:7      | Found a flagged portal.
  1773 | Bailey   | Entered a bailey
  2059 | Bailey   | Acquired Trog's third power
  2103 | Bailey   | HP: 1/64 [gnoll/halberd of electrocution (12)]
  2103 | Bailey   | Demolished by a gnoll

Action                   |  1- 3 |  4- 6 |  7- 9 || total
-------------------------+-------+-------+-------++-------
Melee: Hand axe          |    50 |    95 |   285 ||   430
Throw: Tomahawk          |       |       |     1 ||     1
Invok: Berserk           |     4 |     6 |    12 ||    22
       Trog's Hand       |     1 |     3 |     9 ||    13
Evoke: Wand              |       |       |     3 ||     3
  Use: Potion            |     1 |     4 |     4 ||     9
       Scroll            |       |     4 |       ||     4
